 Dungeon Crawl Stone Soup version 0.20-a0-1122-gb7cbeb9 (webtiles) character file.

2316 JiminyMac the Cleaver (level 9, -2/81 HPs)
             Began as a Minotaur Berserker on May 13, 2017.
             Was an Elder of Trog.
             Slain by a gnoll shaman
             ... wielding a +0 halberd
              (10 damage)
             ... in a bailey.
             The game lasted 00:20:15 (6130 turns).

JiminyMac the Cleaver (Minotaur Berserker)          Turns: 6130, Time: 00:20:16

Health: -2/81      AC: 15    Str: 28    XL:     9   Next: 18%
Magic:  8/8        EV:  8    Int:  4    God:    Trog [****..]
Gold:   290        SH:  0    Dex: 10    Spells: 8/8 levels left

rFire    . . .     SeeInvis .   a - +0 hand axe
rCold    . . .     Gourm    .   (no shield)
rNeg     . . .     Faith    .   z - +0 plate armour
rPois    .         Spirit   .   (helmet restricted)
rElec    .         Reflect  .   (no cloak)
rCorr    .         Harm     +   u - +1 pair of gloves
MR       ++...                  (no boots)
Stlth    ..........             j - amulet of harm
Regen    1.3/turn               l - +3 ring of strength
MPRegen  0.2/turn               (no ring)

@: regenerating, slowed, glowing, very slow
A: retaliatory headbutt, horns 2
a: Berserk, Trog's Hand, Brothers in Arms, Burn Spellbooks, Renounce Religion


You were in a bailey.
You worshipped Trog.
Trog was greatly pleased with you.
You were not hungry.

You visited 1 branch of the dungeon, and saw 8 of its levels.
You also visited: Sewer and Bailey.

You collected 290 gold pieces.

Inventory:

Hand Weapons
 a - a +0 hand axe (weapon)
Missiles
 C - 5 javelins of returning (quivered)
Armour
 r - a +3 leather armour
 u - a +1 pair of gloves (worn)
 z - a +0 plate armour (worn)
Jewellery
 g - an uncursed ring of fire
 j - an amulet of harm (around neck)
 l - a +3 ring of strength (left hand)
Wands
 d - a wand of paralysis (7/24)
Scrolls
 e - 3 scrolls of identify {unknown}
 f - 2 scrolls of magic mapping {unknown}
 h - a scroll of enchant weapon {unknown}
 i - 7 scrolls of remove curse
 m - a scroll of immolation {unknown}
 p - 2 scrolls of blinking {unknown}
 v - a scroll of amnesia {unknown}
 y - a scroll of teleportation {unknown}
 B - 4 scrolls of fear {unknown}
 E - a scroll of torment {unknown}
Potions
 b - 2 potions of resistance {unknown}
 n - 3 potions of might {unknown}
 o - 2 potions of heal wounds {unknown}
 q - 3 potions of curing {unknown}
 t - a potion of degeneration {unknown}
 w - a potion of lignification {unknown}
 A - a potion of berserk rage {unknown}
 D - a potion of ambrosia {unknown}
Books
 x - a book of Cantrips

   Spells                             Type                      Level
   a - Confusing Touch                Hexes                        1
   b - Animate Skeleton               Necromancy                   1
   c - Summon Small Mammal            Summoning                    1
   d - Apportation                    Translocation                1
   Trog disapproves of the use of such an item.
Comestibles
 c - 3 bread rations
 k - 2 meat rations
 s - 2 royal jellies
 F - 4 chunks of flesh


   Skills:
 + Level 8.2 Fighting
 * Level 10.9 Axes
 + Level 7.7 Armour
 - Level 2.1 Dodging


You had 8 spell levels left.
You didn't know any spells.

Dungeon Overview and Level Annotations

Branches:
Dungeon (9/15)
 Temple: D:4-7         Lair: D:8-11         Orc: D:9-12

Altars:
Makhleb

Annotations:
D:5 Eustachio


Innate Abilities, Weirdness & Mutations

You reflexively headbutt those who attack you in melee.
You have a pair of horns on your head.


Message History

The gnoll sergeant barely misses you.
You rip the net and break free!
The gnoll sergeant hits you but does no damage.
The gnoll sergeant hits you from afar with a glaive.
* * * LOW HITPOINT WARNING * * *
The gnoll shaman hits you but does no damage.
Aiming: Paralyse (will waste charges)
Press: ? - help, Shift-Dir - straight line, f - gnoll sergeant
Aim: a gnoll sergeant, wielding a glaive and wearing a chain mail (chance to defeat MR: 46%)
The gnoll sergeant resists with some effort.
Evoking this partially-identified wand wasted a few charges.
The gnoll sergeant barely misses you. x2
The gnoll shaman hits you but does no damage.
The gnoll shaman calls upon its god to heal the gnoll sergeant.
The gnoll sergeant's wounds heal themselves!
The gnoll sergeant barely misses you.
Things that are here:
a spear; a scale mail The gnoll shaman hits you from afar with a halberd!
You die...

♣♣♣♣♣♣♣♣♣♣♣♣♣
≈≈≈≈≈≈≈≈≈≈≈≈≈
........... .......
#####...#####
##..g#...#...##
##..ggg@).(....##
#...gg#.).#.....#
#8...g##'##[...8#
#....##...##)...#
#...##.....##...#
#...#.......#...#
♣≈#...#...8...#+###
♣≈#.. #.......# ≈♣
♣≈#.. ##.))..## ≈♣


You could see 3 gnoll sergeants, 2 gnoll shamans and a gnoll.

Vanquished Creatures
  The ghost of JiminyMac the Cleaver, a novice MiBe of Trog (D:6)
  The ghost of moogleknight the Grave Robber, an amateur DsWn (D:4)
  Purgy (Sewer)
  A sky beast (D:6)
  2 centaurs (D:6)
  Blork the orc (D:5)
  2 bullfrogs
  2 gnoll sergeants (Bailey)
  A scorpion (D:5)
  The ghost of moogleknight the Skirmisher, a weakling DsWn (D:3)
  3 howler monkeys
  A wight (D:5)
  A bullfrog zombie (D:3)
  3 hounds
  A bullfrog skeleton (D:4)
  A centaur skeleton (D:5)
  Crazy Yiuf (D:3)
  2 gnoll shamans (Bailey)
  5 worker ants
  A killer bee zombie (D:6)
  A hound zombie (D:6)
  10 adders
  14 gnolls
  A shadow imp (D:6)
  3 oozes
  An adder skeleton (D:4)
  2 worms (D:2)
  A dart slug (D:3)
  2 leopard geckos (D:5)
  8 orcs
  3 ball pythons
  2 giant cockroaches
  12 goblins
  7 hobgoblins
  4 jackals
  2 quokkas
  7 bats
  6 frilled lizards
  9 kobolds
  A quokka skeleton (D:4)
  14 rats
142 creatures vanquished.

Notes
Turn   | Place    | Note
-------+----------+-------------------------------------------
     0 | D:1      | JiminyMac the Minotaur Berserker began the quest for the Orb.
     0 | D:1      | Reached XP level 1. HP: 19/19 MP: 0/0
   189 | D:1      | Reached XP level 2. HP: 27/27 MP: 1/1
   511 | D:1      | Reached skill level 4 in Axes
   656 | D:2      | Reached ** piety under Trog
   721 | D:2      | Reached XP level 3. HP: 18/33 MP: 2/2
  1226 | D:2      | Reached XP level 4. HP: 24/40 MP: 3/3
  1762 | D:3      | Reached skill level 5 in Axes
  1822 | D:3      | Noticed moogleknight's ghost (weakling DsWn)
  1838 | D:3      | Killed moogleknight's ghost
  1840 | D:3      | Reached XP level 5. HP: 47/47 MP: 4/4
  2083 | D:3      | Found a runed door.
  2087 | D:3      | Noticed Crazy Yiuf
  2093 | D:3      | Killed Crazy Yiuf
  2093 | D:3      | Reached skill level 5 in Fighting
  2093 | D:3      | Reached skill level 6 in Axes
  2492 | D:3      | Reached *** piety under Trog
  2581 | D:4      | Reached XP level 6. HP: 56/56 MP: 5/5
  3026 | D:4      | Noticed moogleknight's ghost (amateur DsWn)
  3034 | D:4      | Killed moogleknight's ghost
  3034 | D:4      | Reached skill level 7 in Axes
  3034 | D:4      | Reached skill level 5 in Armour
  3034 | D:4      | Reached XP level 7. HP: 62/62 MP: 6/6
  3475 | D:5      | Entered Level 5 of the Dungeon
  3572 | D:5      | Found a glowing drain.
  3587 | Sewer    | Entered a sewer
  3639 | Sewer    | Noticed Purgy
  3646 | Sewer    | Killed Purgy
  3646 | Sewer    | Reached skill level 8 in Axes
  3738 | D:5      | Noticed Eustachio
  3738 | D:5      | Noticed Blork the orc
  3743 | D:5      | Killed Blork the orc
  3772 | D:5      | HP: 3/64 [quasit[Eustachio] (1)]
  4187 | D:5      | Reached XP level 8. HP: 71/71 MP: 7/7
  4294 | D:6      | Reached **** piety under Trog
  4321 | D:6      | Reached skill level 9 in Axes
  4361 | D:6      | Noticed JiminyMac's ghost (novice MiBe)
  4375 | D:6      | HP: 2/71 [JiminyMac's ghost (10)]
  4723 | D:6      | Killed JiminyMac's ghost
  4723 | D:6      | Reached skill level 10 in Axes
  4735 | D:6      | Received a gift from Trog
  5139 | D:6      | You fall through a shaft for 3 floors!
  5270 | D:9      | Reached XP level 9. HP: 70/81 MP: 8/8
  5277 | D:8      | Found a burning altar of Makhleb.
  5394 | D:9      | Found a flagged portal.
  5406 | Bailey   | Entered a bailey
  6127 | Bailey   | HP: 2/81 [gnoll sergeant/glaive (6)]
  6130 | Bailey   | Slain by a gnoll shaman

Vault maps used:
D:1:      grunt_arrival_crossed_arrows
D:2:      first_bread
D:3:      minmay_misc_feat_chi, uniq_crazy_yiuf_cottage
D:5:      gup_sewer_entry_bubbles, sword_in_stone
D:6:      chequers_temple_overflow_minitemple,
          nicolae_gozag_cash_rules_everything_around_me, lexackson_kobold_supper
D:8:      nicolae_overflow_hidden_temple
D:9:      lemuel_upstairs_altar, enter_bailey_3, basic_altar
Sewer:    sewer_big_baddie
Bailey:   bailey_polearm_gnolls_kennysheep, bailey

Skill      XL: |  1  2  3  4  5  6  7  8  9 |
---------------+----------------------------+-----
Axes           | 4 5 6 7 8 10 | 10.9
Armour         | 3 4 5 6 7 |  7.7
Fighting       | 4 5 6 7 8 |  8.2
Dodging        | |  2.1

Action                   |  1- 3 |  4- 6 |  7- 9 || total
-------------------------+-------+-------+-------++-------
Melee: Hand axe          |    62 |    85 |   199 ||   346
       Headbutt          |     9 |    14 |    50 ||    73
Invok: Berserk           |     1 |     3 |     8 ||    12
       Trog's Hand       |       |       |     3 ||     3
Evoke: Wand              |       |       |     1 ||     1
  Use: Scroll            |     1 |       |     1 ||     2
  Eat: Chunk             |     1 |     8 |    11 ||    20
       Bread ration      |       |       |     2 ||     2
Armor: Animal skin       |     5 |       |       ||     5
       Ring mail         |     7 |       |       ||     7
       Leather armour    |     5 |    21 |    83 ||   109
       Plate armour      |       |       |    69 ||    69
Dodge: Dodged            |    32 |    39 |   205 ||   276
